 Dungeon Sprint DCSS version 0.17-a0-1805-g6093636 (webtiles) character file.

4894 nuthulu the Cleaver (level 10, 0/104 HPs)
             Began as a Minotaur Berserker on Sept 12, 2015.
             Was the Champion of Trog.
             Slain by an unseen horror (10 damage)
             ... in the Dungeon (Sprint III: "The Ten Rune Challenge").
             The game lasted 00:05:23 (1995 turns).

nuthulu the Cleaver (Minotaur Berserker)            Turns: 1995, Time: 00:05:23

Health: 0/104      AC:  4    Str: 23    XL:     10   Next: 26%
Magic:  9/9        EV: 22    Int:  4    God:    Trog [******]
Gold:   31         SH:  0    Dex: 14    Spells: 0 memorised, 9 levels left

rFire  . . .     SeeInvis .     c - +0 battleaxe (flame)
rCold  . . .     Clarity  .     b - +0 animal skin
rNeg   . . .     SustAt   .     (no shield)
rPois  .         Gourm    .     (helmet unavailable)
rElec  .         Spirit   .     (no cloak)
rCorr  .         Warding  .     n - +0 pair of gloves
rMut   .         NoTele   +     (no boots)
MR     .....                    (no amulet)
Stlth  +.........               (no ring)
                                (no ring)

@: lethally poisoned (0 -> -2), exhausted, slowed, very slow, not resistant to
hostile enchantments, very unstealthy
A: retaliatory headbutt, horns 3, repulsion field 1, agile 1
a: Burn Spellbooks, Berserk, Trog's Hand, Brothers in Arms, Renounce Religion


You were in the Dungeon.
You worshipped Trog.
Trog was exalted by your worship.
You were hungry.

You visited 1 branch You collected 31 gold pieces.

Inventory:

Hand weapons
 a - a +0 hand axe
 c - a +0 battleaxe of flaming (weapon)
 r - a +5 antimagic quarterstaff
Armour
 b - a +0 animal skin (worn)
 n - a +0 pair of gloves (worn)
Magical devices
 k - a wand of slowing (28)
Scrolls
 i - a scroll of blinking
 j - a scroll of holy word {unknown}
 l - 2 scrolls of remove curse
 o - a scroll of immolation {unknown}
 p - a scroll of random uselessness {unknown}
Potions
 f - 2 potions of haste
 g - 2 potions of magic
 h - a potion of berserk rage
 q - 2 potions of flight
Comestibles
 m - a royal jelly


   Skills:
 + Level 14.4 Fighting
 + Level 14.6 Axes
 + Level 14.3 Armour
 + Level 13.2 Dodging


You had 9 spell levels left.
You didn't know any spells.

Dungeon Overview and Level Annotations

Branches:
Dungeon (1/1)

Altars:
Cheibriados
Dithmenos
Elyvilon
Fedhas
Gozag
Kikubaaqudgha
Makhleb
Nemelex Xobeh
Okawaru
Qazlal
Ru
Sif Muna
Trog
Vehumet
Xom
Yredelemnul
Zin
The Shining One
Jiyva
Lugonu


Innate Abilities, Weirdness & Mutations

You reflexively headbutt those who attack you in melee.
You have a pair of large horns on your head.
You are surrounded by a mild repulsion field (EV +2).
You are agile. (Dex +2)


Message History

There is an open door to the Hive here.
Items here: ††††††††††††††††† You feel a strong urge to attack something.
Things that are here:
a runed quarterstaff {god gift}; a glowing broad axe {god gift} You start resting.
You are no longer berserk.
You are exhausted.
You feel yourself slow down.
You are feeling hungry.
You feel sick.
Drink which item? (? for menu, Esc to quit)
You feel much better.
You feel sick.
You start resting.
You feel sick.
You feel sick. x5
Something hits you.
* * * LOW HITPOINT WARNING * * *
You start resting.
You feel sick. Something hits you!
* * * LOW HITPOINT WARNING * * *
Something hits you!
You die...

########################
≈'.#))...+.#.#.#@†%%%≈≈#
§#O#(#...##.#.#.##..%≈≈#
§#.#(#...#.#.#.#.#%%%≈≈≈≈
§#.(.#...##.#.#.##.%.≈≈≈≈
▓▓▓▓▓▓▓▓▓#.#.#.#.#%.....%
...≈≈≈...##.#.#.##..%%.%.
≈≈≈≈≈♣♣P.+.#.#.#.#..%%%%%
♣♣♣♣♣♣♣PP##.#.#.#########
♣♣♣# +#####


There were no monsters in sight!

Vanquished Creatures
  Josephine (D)
  A centaur warrior (D)
  A queen bee (D)
  A deep elf priest (D)
  3 wandering mushrooms (D)
  A shadow (D)
  A spatial vortex (D)
  A necrophage (D)
  2 centaurs (D)
  A water elemental (D)
  32 killer bees (D)
  A jelly (D)
  A necromancer (D)
  A wolf (D)
  A wizard (D)
  3 humans (D)
  A kobold demonologist (D)
  An ooze (D)
  3 rats (D)
57 creatures vanquished.

Vanquished Creatures (collateral kills)
  An earth elemental (D)
1 creature vanquished.

Vanquished Creatures (others)
  2 draconian scorchers (D)
  2 yaktaurs (D)
4 creatures vanquished.

Grand Total: 62 creatures vanquished

Notes
Turn   | Place    | Note
--------------------------------------------------------------
     0 | D        | nuthulu the Minotaur Berserker began the quest for the Orb.
     0 | D        | Reached XP level 1. HP: 19/19 MP: 0/0
    31 | D        | Reached skill level 4 in Fighting
    41 | D        | Acquired Trog's second power
   152 | D        | Reached skill level 5 in Axes
   152 | D        | Reached XP level 2. HP: 26/28 MP: 1/1
   199 | D        | Killed a white draconian scorcher
   237 | D        | Killed a yaktaur
   248 | D        | Noticed a wolf
   254 | D        | Killed a wolf
   254 | D        | Reached skill level 5 in Fighting
   254 | D        | Reached XP level 3. HP: 7/36 MP: 2/2
   269 | D        | Killed a white draconian scorcher
   518 | D        | Gained mutation: You are agile. (Dex +2) [potion of mutation]
   518 | D        | Gained mutation: Armour fits poorly on your strangely shaped body. [potion of mutation]
   518 | D        | Gained mutation: You have a pair of large horns on your head. [potion of mutation]
   519 | D        | Gained mutation: You are surrounded by a mild repulsion field (EV +2). [potion of mutation]
   519 | D        | Gained mutation: Your magical capacity is low (-10% MP). [potion of mutation]
   519 | D        | Gained mutation: You are weak. (Str -2) [potion of mutation]
   520 | D        | Gained mutation: You are dopey. (Int -2) [potion of mutation]
   521 | D        | Lost mutation: Your magical capacity is low (-10% MP). [potion of cure mutation]
   521 | D        | Lost mutation: Armour fits poorly on your strangely shaped body. [potion of cure mutation]
   521 | D        | Lost mutation: You are dopey. (Int -2) [potion of cure mutation]
   521 | D        | Lost mutation: You are weak. (Str -2) [potion of cure mutation]
   539 | D        | Noticed a water elemental
   545 | D        | Killed a water elemental
   545 | D        | Reached skill level 6 in Fighting
   545 | D        | Reached skill level 5 in Armour
   545 | D        | Reached skill level 5 in Dodging
   545 | D        | Reached XP level 4. HP: 45/45 MP: 3/3
   594 | D        | Found a radiant altar of Vehumet.
   594 | D        | Found a deep blue altar of Sif Muna.
   594 | D        | Found an ancient bone altar of Kikubaaqudgha.
   594 | D        | Noticed a wizard
   596 | D        | Killed a wizard
   596 | D        | Reached skill level 7 in Axes
   602 | D        | Reached XP level 5. HP: 49/52 MP: 4/4
   605 | D        | Acquired Trog's third power
   617 | D        | Found a glowing silver altar of Zin.
   618 | D        | Found a glowing golden altar of the Shining One.
   618 | D        | Found a white marble altar of Elyvilon.
   618 | D        | Noticed a deep elf priest
   625 | D        | Killed a deep elf priest
   625 | D        | Reached skill level 9 in Fighting
   625 | D        | Reached XP level 6. HP: 63/63 MP: 5/5
   673 | D        | Found a basalt altar of Yredelemnul.
   673 | D        | Found a snail-covered altar of Cheibriados.
   673 | D        | Found a blossoming altar of Fedhas.
   673 | D        | Noticed a necrophage
   673 | D        | Noticed a necromancer
   677 | D        | Killed a necrophage
   680 | D        | Killed a necromancer
   758 | D        | Found an iron altar of Okawaru.
   759 | D        | Found a bloodstained altar of Trog.
   759 | D        | Noticed a human
   759 | D        | Noticed a human
   771 | D        | Killed a human
   771 | D        | Reached skill level 10 in Fighting
   771 | D        | Reached skill level 10 in Axes
   771 | D        | Reached XP level 7. HP: 54/72 MP: 6/6
   793 | D        | Killed a human
   793 | D        | Reached skill level 10 in Armour
   963 | D        | Noticed a jelly
   974 | D        | Killed a jelly
  1050 | D        | Noticed a shadow
  1055 | D        | Killed a shadow
  1085 | D        | Found a stormy altar of Qazlal.
  1085 | D        | Found a sacrificial altar of Ru.
  1085 | D        | Found a burning altar of Makhleb.
  1085 | D        | Found a shimmering altar of Xom.
  1086 | D        | Found a viscous altar of Jiyva.
  1086 | D        | Found a shadowy altar of Dithmenos.
  1086 | D        | Found a sparkling altar of Nemelex Xobeh.
  1086 | D        | Found a corrupted altar of Lugonu.
  1086 | D        | Found an opulent altar of Gozag.
  1086 | D        | Noticed a spatial vortex
  1098 | D        | Killed a spatial vortex
  1098 | D        | Reached skill level 11 in Fighting
  1098 | D        | Reached skill level 10 in Dodging
  1098 | D        | Reached XP level 8. HP: 38/82 MP: 7/7
  1245 | D        | Killed a yaktaur
  1365 | D        | Noticed Josephine
  1377 | D        | Killed Josephine
  1377 | D        | Received a gift from Trog
  1377 | D        | Reached skill level 12 in Fighting
  1390 | D        | Noticed an earth elemental
  1397 | D        | Killed an earth elemental
  1436 | D        | Noticed a centaur
  1440 | D        | Noticed a centaur
  1444 | D        | Killed a centaur
  1446 | D        | Noticed a centaur warrior
  1447 | D        | Killed a centaur
  1447 | D        | Reached XP level 9. HP: 58/91 MP: 8/8
  1457 | D        | Killed a centaur warrior
  1457 | D        | Reached skill level 13 in Fighting
  1642 | D        | Noticed a wandering mushroom
  1648 | D        | Noticed a wandering mushroom
  1650 | D        | Noticed a wandering mushroom
  1687 | D        | Killed a wandering mushroom
  1782 | D        | Killed a wandering mushroom
  1851 | D        | Killed a wandering mushroom
  1898 | D        | Noticed a killer bee
  1898 | D        | Noticed a killer bee
  1898 | D        | Noticed a killer bee
  1898 | D        | Noticed a killer bee
  1898 | D        | Noticed a killer bee
  1898 | D        | Noticed a killer bee
  1898 | D        | Noticed a killer bee
  1898 | D        | Noticed a killer bee
  1898 | D        | Noticed a killer bee
  1898 | D        | Noticed a killer bee
  1898 | D        | Noticed a killer bee
  1898 | D        | Noticed a killer bee
  1898 | D        | Noticed a killer bee
  1898 | D        | Noticed a killer bee
  1898 | D        | Noticed a killer bee
  1898 | D        | Noticed a killer bee
  1898 | D        | Noticed a killer bee
  1899 | D        | Noticed a killer bee
  1899 | D        | Noticed a killer bee
  1900 | D        | Noticed a killer bee
  1900 | D        | Noticed a killer bee
  1900 | D        | Killed a killer bee
  1902 | D        | Noticed a killer bee
  1902 | D        | Noticed a killer bee
  1903 | D        | Noticed a killer bee
  1903 | D        | Noticed a killer bee
  1905 | D        | Killed a killer bee
  1907 | D        | Noticed a killer bee
  1907 | D        | Killed a killer bee
  1909 | D        | Killed a killer bee
  1910 | D        | Noticed a killer bee
  1912 | D        | Noticed a killer bee
  1913 | D        | Killed a killer bee
  1914 | D        | Noticed a killer bee
  1914 | D        | Noticed a killer bee
  1915 | D        | Noticed a queen bee
  1916 | D        | Noticed a killer bee
  1920 | D        | Noticed a killer bee
  1921 | D        | Killed a killer bee
  1926 | D        | Killed a killer bee
  1926 | D        | Received a gift from Trog
  1929 | D        | Killed a killer bee
  1931 | D        | Killed a killer bee
  1933 | D        | Killed a killer bee
  1934 | D        | Killed a killer bee
  1938 | D        | Killed a killer bee
  1939 | D        | Killed a killer bee
  1941 | D        | Killed a killer bee
  1941 | D        | Received a gift from Trog
  1941 | D        | Reached skill level 14 in Axes
  1944 | D        | Killed a killer bee
  1944 | D        | Reached XP level 10. HP: 55/102 MP: 9/9
  1947 | D        | Killed a killer bee
  1951 | D        | Killed a killer bee
  1952 | D        | Killed a killer bee
  1956 | D        | Killed a killer bee
  1957 | D        | Killed a killer bee
  1958 | D        | Killed a killer bee
  1960 | D        | Killed a killer bee
  1960 | D        | Received a gift from Trog
  1964 | D        | Killed a killer bee
  1967 | D        | Killed a killer bee
  1971 | D        | Killed a killer bee
  1973 | D        | Killed a killer bee
  1974 | D        | Killed a killer bee
  1976 | D        | Killed a killer bee
  1977 | D        | Killed a killer bee
  1977 | D        | Received a gift from Trog
  1978 | D        | Killed a killer bee
  1979 | D        | Killed a killer bee
  1982 | D        | Killed a killer bee
  1984 | D        | Killed a queen bee
  1995 | D        | Slain by an unseen horror

Vault maps used:
D:        dungeon_sprint_mu

Action                   |  1- 3 |  4- 6 |  7- 9 | 10-12 || total
-------------------------+-------+-------+-------+-------++-------
Melee: Hand axe          |    18 |    27 |    99 |       ||   144
       Battleaxe         |       |       |    13 |    38 ||    51
Invok: Berserk           |     3 |     1 |     1 |     1 ||     6
       Trog's Hand       |     1 |     3 |     5 |       ||     9
       Burn Spellbooks   |       |     1 |       |       ||     1
       Brothers in Arms  |       |       |     1 |       ||     1
  Use: Potion            |     4 |       |     1 |     2 ||     7
       Scroll            |     3 |       |       |       ||     3
  Eat: Bread ration      |     1 |       |       |       ||     1
       Royal jelly       |       |       |     2 |       ||     2
       Chunk             |       |       |     2 |       ||     2
